 Dungeon Crawl Stone Soup version 0.29.0-4-gdea44cf6ec (webtiles) character file.

Game seed: 16263132407595823098

604 qw the Ruffian (level 7, -2/57 HPs)
             Began as a Ghoul Fire Elementalist on Aug 29, 2022.
             Slain by a gnoll
             ... wielding a +0 club
             ... led by a gnoll bouda
              (4 damage)
             ... on level 4 of the Dungeon.
             The game lasted 00:04:01 (4684 turns).

qw the Ruffian (Ghoul Fire Elementalist)            Turns: 4684, Time: 00:04:02

Health: -2/57      AC:  8    Str: 14    XL:     7   Next: 42%
Magic:  8/8        EV:  6    Int: 10    God:
Gold:   256        SH:  0    Dex:  9    Spells: 8/9 levels left

rFire   . . .      SeeInvis .     - Unarmed
rCold   + + .      Faith    .   (no shield)
rNeg    + + +      Spirit   .   n - +0 chain mail
rPois   inf        Reflect  .   (no helmet)
rElec   .          Harm     .   (no cloak)
rCorr   .          Rampage  .   (no gloves)
Will    .....                   (no boots)
Stlth   ..........              (no amulet)
HPRegen 0.00/turn               b - ring of protection from cold
MPRegen 0.11/turn               (no ring)

@: inhibited regen
A: claws 1, cold resistance 1, negative energy resistance 3, inhibited
regeneration, torment resistance 2, devour on kill
a: no special abilities


You were on level 4 of the Dungeon.
You visited 1 branch of the dungeon, and saw 5 of its levels.

You collected 256 gold pieces.


Innate Abilities, Weirdness & Mutations

You are immune to poison.
You have sharp fingernails.
Your flesh is cold resistant. (rC+)
You are immune to negative energy. (rN+++)
You do not regenerate when monsters are visible.
You are immune to unholy pain and torment.
You thrive by killing the living.


   Skills:
 - Level 3.0 Fighting
 - Level 1.0 Armour
 - Level 1.7 Dodging
 - Level 2.1 Stealth
 + Level 7.5 Unarmed Combat
 - Level 1.7 Spellcasting
 - Level 0.7 Conjurations
 - Level 2.4 Fire Magic


You had 8 spell levels left.
You knew the following spells:

 Your Spells              Type           Power      Damage    Failure   Level
a - Foxfire               Conj/Fire      16%        2x1d4     99%         1

Your spell library contained the following spells:

 Spells                   Type           Power      Damage    Failure   Level
 Scorch                   Fire           10%        2d6       99%         2
 Conjure Flame            Conj/Fire      4%         6-21      100%        3
 Inner Flame              Hex/Fire       3%         N/A       100%        3
 Flame Wave               Conj/Fire      4%         2d5       100%        4

Inventory:

Armour
 n - a +0 chain mail (worn)
Jewellery
 b - a ring of protection from cold (left claw)
Scrolls
 e - a scroll of identify
 k - a scroll of enchant armour
Potions
 a - a potion of haste
 d - a potion of mutation
 f - a potion of cancellation
 g - a potion of attraction {unknown}
 h - a potion of might {unknown}
 i - 2 potions of curing
 j - a potion of degeneration {unknown}
 l - a potion of lignification {unknown}
 o - a potion of heal wounds {unknown}

Dungeon Overview and Level Annotations

Branches:
Dungeon (5/15)
 Temple: D:4-7

Altars:
Wu Jian

Annotations:
D:5 Prince Ribbit


Message History

4379 ||| FLEEEEING.
4380 ||| FLEEEEING.
4381 ||| FLEEEEING.
4382 ||| FLEEEEING.
4383 ||| FLEEEEING.
There is a stone staircase leading up here.
4384 ||| STAIRDANCE You climb upwards.
There is a stone staircase leading down here.
You start resting.
HP restored.
Done exploring.
(D) Dungeon
Where to? (* - list waypoints, Enter - D:5, ? - help)
What level of the Dungeon? (default 1, ? - help)
You climb downwards.
Level annotation: Prince Ribbit The ogre hits you with a +0 giant club!
There is a stone staircase leading up here.
4676 ||| STAIRDANCE The gnoll hits you but does no damage.
The ogre hits you with a +0 giant club!
You climb upwards.
There is a stone staircase leading down here.
4678 ||| Stepping ~*~*~tactically~*~*~ (outnumbered).
The ogre attacks as you move away! The ogre hits you with a +0 giant club!
You scratch the gnoll.
The gnoll is heavily wounded.
The gnoll hits you with a +0 club.
4680 ||| Stepping ~*~*~tactically~*~*~ (outnumbered).
4681 ||| Stepping ~*~*~tactically~*~*~ (outnumbered).
The gnoll attacks as you move away! The gnoll barely misses you.
The ogre attacks as you move away! The ogre hits you with a +0 giant club!
4682 ||| Stepping ~*~*~tactically~*~*~ (outnumbered).
You barely miss the gnoll.
The gnoll is heavily wounded.
The gnoll completely misses you.
You claw the gnoll!
The gnoll is almost dead.
The gnoll hits you with a +0 club.
You die...

.#######.................#.#
.# #.........#........#.# .#
###...<####......#.#.#.#
.####...#................#.#
.#<#....#................#.#
.#.#....'..............#.#.#
.#.#....#.####...#.#####.#.#
.#.##)#.#.# ###.#.# #.#.#
.#.##.#.#.# #@#.# #.#.#
.#.##.#.#.# #g#.# #.#.#
.#.##.#.#.# #O..# #.#.#
.#.##.#.#.# #..## #.#.#
.#.##.#.#.######>.# #.#.#
.#.#....#.........# #.#.#
.#.#############..######.#.#
.#.......................#.#
.###############..########.#


You could see an ogre and a gnoll.

Vanquished Creatures
  Sigmund (D:4)
  An ogre (D:3)
  A scorpion (D:4)
  2 hounds
  A gnoll bouda (D:5)
  An orc wizard (D:4)
  5 gnolls
  7 adders
  A worm (D:3)
  3 orcs (D:4)
  9 endoplasms
  2 giant cockroaches (D:3)
  11 goblins
  7 hobgoblins
  4 jackals
  A quokka (D:2)
  7 ball pythons
  4 bats
  3 frilled lizards
  5 kobolds
  6 rats
82 creatures vanquished.

Vanquished Creatures (others)
  10 plants (D:5)
10 creatures vanquished.

Grand Total: 92 creatures vanquished

Notes
Turn   | Place    | Note
-------+----------+-------------------------------------------
     0 | D:1      | qw the Ghoul Fire Elementalist began the quest for the Orb.
     0 | D:1      | Reached XP level 1. HP: 14/14 MP: 2/2
     0 | D:1      | 0 ||| qw: Version: 0.1-a-90-g952f4b7
     0 | D:1      | 0 ||| qw: Game counter: 3837
     0 | D:1      | 0 ||| qw: Always use a shield: true
     0 | D:1      | 0 ||| qw: God list: Okawaru
     0 | D:1      | 0 ||| qw: Allow faded altars: false
     0 | D:1      | 0 ||| qw: Do Orc after D:15 true
     0 | D:1      | 0 ||| qw: Do second Lair branch before Depths: true
     0 | D:1      | 0 ||| qw: Lair rune preference: random
     0 | D:1      | 0 ||| qw: Plans: Normal
     0 | D:1      | 0 ||| PLANNING D:1-11
    77 | D:1      | Reached skill level 1 in Unarmed Combat
   287 | D:1      | Reached skill level 1 in Fighting
   287 | D:1      | Reached XP level 2. HP: 23/23 MP: 3/3
   289 | D:1      | 289 ||| Stepping ~*~*~tactically~*~*~ (stealth).
   463 | D:1      | Found a faded altar of an unknown god.
   527 | D:1      | 527 ||| UPGRADING to +0 ring mail.
   537 | D:1      | 537 ||| DROPPING +0 robe.
   538 | D:1      | 538 ||| READING 3 scrolls labelled MUFFEAHUME.
   539 | D:1      | 539 ||| READING scroll labelled SELESA NANIRO.
   540 | D:1      | 540 ||| READING 2 scrolls of identify.
   540 | D:1      | 540 ||| IDENTIFYING sedimented brown potion
   541 | D:1      | 541 ||| DROPPING potion of magic.
   584 | D:2      | 584 ||| Stepping ~*~*~tactically~*~*~ (stealth).
   586 | D:2      | 586 ||| Stepping ~*~*~tactically~*~*~ (stealth).
   596 | D:2      | Reached skill level 2 in Unarmed Combat
   604 | D:2      | Reached XP level 3. HP: 21/28 MP: 4/4
   605 | D:2      | 605 ||| FLEEEEING.
   609 | D:2      | 609 ||| STAIRDANCE
   930 | D:2      | Reached skill level 3 in Unarmed Combat
  1170 | D:2      | 1170 ||| Stepping ~*~*~tactically~*~*~ (stealth).
  1198 | D:2      | Reached XP level 4. HP: 24/35 MP: 5/5
  1434 | D:2      | 1434 ||| READING scroll labelled DUBRYR IDISH.
  1435 | D:2      | 1435 ||| READING scroll labelled OGONWU ZANUGO.
  1436 | D:2      | 1436 ||| DRINKING 2 metallic clear potions.
  1496 | D:3      | 1496 ||| Stepping ~*~*~tactically~*~*~ (stealth).
  1517 | D:3      | Reached skill level 4 in Unarmed Combat
  1530 | D:3      | 1530 ||| Stepping ~*~*~tactically~*~*~ (stealth).
  1558 | D:3      | 1558 ||| Stepping ~*~*~tactically~*~*~ (stealth).
  1560 | D:3      | 1560 ||| Stepping ~*~*~tactically~*~*~ (stealth).
  1613 | D:3      | 1613 ||| Stepping ~*~*~tactically~*~*~ (stealth).
  1701 | D:3      | 1701 ||| Stepping ~*~*~tactically~*~*~ (stealth).
  1702 | D:3      | 1702 ||| Stepping ~*~*~tactically~*~*~ (stealth).
  1726 | D:3      | 1726 ||| Stepping ~*~*~tactically~*~*~ (stealth).
  1729 | D:3      | 1729 ||| Stepping ~*~*~tactically~*~*~ (hiding).
  1733 | D:3      | 1733 ||| Stepping ~*~*~tactically~*~*~ (hiding).
  1756 | D:3      | 1756 ||| FLEEEEING.
  1757 | D:3      | 1757 ||| FLEEEEING.
  1795 | D:3      | 1795 ||| FLEEEEING.
  2009 | D:3      | 2009 ||| FLEEEEING.
  2010 | D:3      | 2010 ||| FLEEEEING.
  2045 | D:3      | 2045 ||| Stepping ~*~*~tactically~*~*~ (stealth).
  2186 | D:3      | Reached XP level 5. HP: 41/41 MP: 6/6
  2213 | D:3      | Noticed an ogre
  2226 | D:3      | Killed an ogre
  2227 | D:3      | Reached skill level 5 in Unarmed Combat
  2318 | D:3      | 2318 ||| Stepping ~*~*~tactically~*~*~ (stealth).
  2319 | D:3      | 2319 ||| Stepping ~*~*~tactically~*~*~ (stealth).
  2320 | D:3      | 2320 ||| Stepping ~*~*~tactically~*~*~ (stealth).
  2322 | D:3      | 2322 ||| Stepping ~*~*~tactically~*~*~ (hiding).
  2560 | D:3      | 2560 ||| FLEEEEING.
  2561 | D:3      | 2561 ||| FLEEEEING.
  2562 | D:3      | 2562 ||| FLEEEEING.
  2563 | D:3      | 2563 ||| FLEEEEING.
  2564 | D:3      | 2564 ||| FLEEEEING.
  2565 | D:3      | 2565 ||| FLEEEEING.
  2566 | D:3      | 2566 ||| FLEEEEING.
  2580 | D:3      | 2580 ||| FLEEEEING.
  2581 | D:3      | 2581 ||| FLEEEEING.
  2582 | D:3      | 2582 ||| FLEEEEING.
  2585 | D:3      | 2585 ||| STAIRDANCE
  2633 | D:2      | 2633 ||| READING 2 scrolls labelled JIVUXI KUUTISU.
  2634 | D:2      | 2634 ||| READING scroll labelled TIATEU ZEFYDWE.
  2635 | D:2      | 2635 ||| READING scroll labelled FUUHOU BOPOFFUDINY.
  2636 | D:2      | 2636 ||| DRINKING 3 blue potions.
  2637 | D:2      | 2637 ||| READING 2 scrolls of identify.
  2637 | D:2      | 2637 ||| IDENTIFYING ruby potion
  2638 | D:2      | 2638 ||| DROPPING potion of flight.
  2639 | D:2      | 2639 ||| DROPPING scroll of noise.
  2721 | D:3      | 2721 ||| Stepping ~*~*~tactically~*~*~ (stealth).
  2729 | D:3      | Reached XP level 6. HP: 33/48 MP: 7/7
  2896 | D:3      | 2896 ||| DROPPING scarf of harm.
  2952 | D:4      | Noticed Sigmund
  2964 | D:4      | Killed Sigmund
  2965 | D:4      | Reached skill level 6 in Unarmed Combat
  3207 | D:4      | Reached skill level 3 in Fighting
  3207 | D:4      | Reached XP level 7. HP: 35/57 MP: 8/8
  3366 | D:4      | 3366 ||| Stepping ~*~*~tactically~*~*~ (stealth).
  3379 | D:4      | 3379 ||| Stepping ~*~*~tactically~*~*~ (stealth).
  3426 | D:4      | 3426 ||| Stepping ~*~*~tactically~*~*~ (stealth).
  3482 | D:4      | 3482 ||| Stepping ~*~*~tactically~*~*~ (hiding).
  3504 | D:4      | Reached skill level 7 in Unarmed Combat
  3733 | D:4      | 3733 ||| Stepping ~*~*~tactically~*~*~ (stealth).
  3820 | D:4      | 3820 ||| Stepping ~*~*~tactically~*~*~ (stealth).
  3932 | D:4      | Found an ornate altar of the Wu Jian Council.
  4257 | D:4      | 4257 ||| UPGRADING to +0 chain mail.
  4267 | D:4      | 4267 ||| DROPPING +0 ring mail.
  4268 | D:4      | 4268 ||| UPGRADING to ring of protection from cold.
  4269 | D:4      | 4269 ||| READING scroll labelled WEIFUUFOMI.
  4270 | D:4      | 4270 ||| READING 2 scrolls of identify.
  4270 | D:4      | 4270 ||| IDENTIFYING black potion
  4305 | D:5      | Entered Level 5 of the Dungeon
  4326 | D:5      | Noticed Prince Ribbit
  4335 | D:5      | 4335 ||| Stepping ~*~*~tactically~*~*~ (outnumbered).
  4358 | D:5      | Reached skill level 1 in Armour
  4371 | D:5      | HP: 1/57 [Prince Ribbit (14)]
  4375 | D:5      | 4375 ||| FLEEEEING.
  4376 | D:5      | 4376 ||| FLEEEEING.
  4378 | D:5      | 4378 ||| FLEEEEING.
  4379 | D:5      | 4379 ||| FLEEEEING.
  4380 | D:5      | 4380 ||| FLEEEEING.
  4381 | D:5      | 4381 ||| FLEEEEING.
  4382 | D:5      | 4382 ||| FLEEEEING.
  4383 | D:5      | 4383 ||| FLEEEEING.
  4384 | D:5      | 4384 ||| STAIRDANCE
  4676 | D:5      | 4676 ||| STAIRDANCE
  4678 | D:4      | 4678 ||| Stepping ~*~*~tactically~*~*~ (outnumbered).
  4680 | D:4      | 4680 ||| Stepping ~*~*~tactically~*~*~ (outnumbered).
  4681 | D:4      | 4681 ||| Stepping ~*~*~tactically~*~*~ (outnumbered).
  4681 | D:4      | HP: 2/57 [ogre/+0 giant club (16)]
  4682 | D:4      | 4682 ||| Stepping ~*~*~tactically~*~*~ (outnumbered).
  4684 | D:4      | Slain by a gnoll

Levels and vault maps discovered:
D:1:      tarquinn_simple_flora_water_e, layout_rooms,
          chequers_ecumenical_altar_lobes
D:2:      layout_basic
D:3:      layout_basic, minmay_fractal_squares_diagonal_5
D:4:      layout_basic, kennysheep_mini_moat, nrook_campfire,
          minmay_diced_spiral, uniq_sigmund
D:5:      layout_rooms, serial_bayou, serial_bayou_pond_a, serial_bayou_lake_a,
          serial_bayou_ford_a, serial_bayou_pond_c, uniq_prince_ribbit1

Skill      XL: |  1  2  3  4  5  6  7 |
---------------+----------------------+-----
Unarmed Combat | 1 2 3 4 5 6 7 |  7.5
Fighting       | 1 2 3 |  3.0
Armour         | 1 |  1.0
Dodging        | |  1.7
Stealth        | |  2.1
Spellcasting   | |  1.7
Conjurations   | |  0.7
Fire Magic     | |  2.4

Action                   |  1- 3 |  4- 6 |  7- 9 || total
-------------------------+-------+-------+-------++-------
Melee: Unarmed           |   130 |   132 |    96 ||   358
       Punch             |     1 |     9 |     5 ||    15
  Use: Scroll            |     3 |     6 |     2 ||    11
       Potion            |       |     2 |       ||     2
Armor: Robe              |     4 |       |       ||     4
       Ring mail         |    30 |    32 |     8 ||    70
       Chain mail        |       |       |    13 ||    13
Dodge: Dodged            |    73 |    52 |    19 ||   144

Table legend:
 A = Non-vault XP
 B = Vault XP
 C = Vault XP percentage of total XP
 D = Non-vault monster count
 E = Vault monster count
 F = Vault count percentage of total count
                 A         B        C        D         E       F
            +---------+---------+-------+---------+---------+-------
      Total |     598 |     265 |  30.7 |      68 |      14 |  17.1
            +---------+---------+-------+---------+---------+-------
        D:1 |      15 |       0 |   0.0 |      10 |       0 |   0.0
        D:2 |      82 |       0 |   0.0 |      22 |       0 |   0.0
        D:3 |     199 |      26 |  11.6 |      19 |       9 |  32.1
        D:4 |     191 |     239 |  55.6 |      13 |       5 |  27.8
        D:5 |     111 |       0 |   0.0 |       4 |       0 |   0.0
            +---------+---------+-------+---------+---------+-------
